 Dungeon Crawl Stone Soup version 0.28.0-53-g5a82cb258f (webtiles) character file.

Game seed: 7285871181439056188

58 DildoBatman the Conjurer (level 4, -6/32 HPs)
             Began as a Formicid Conjurer on July 13, 2022.
             Mangled by a gnoll
             ... wielding a +0 whip
              (10 damage)
             ... on level 2 of the Dungeon.
             The game lasted 00:03:01 (796 turns).

DildoBatman the Conjurer (Formicid Conjurer)         Turns: 796, Time: 00:03:02

Health: -6/32      AC:  2    Str: 12    XL:     4   Next: 20%
Magic:  2/8        EV: 12    Int: 17    God:
Gold:   58         SH:  0    Dex: 11    Spells: 5/8 levels left

rFire   . . .      SeeInvis +   b - +0 hunting sling
rCold   . . .      Faith    .   (no shield)
rNeg    . . .      Spirit   .   i - +0 robe
rPois   .          Reflect  .   (helmet unavailable)
rElec   .          Harm     .   (no cloak)
rCorr   .          Rampage  .   (no gloves)
Will    .....                   (no boots)
Stlth   ++........              (no amulet)
HPRegen 0.10/turn               (no ring)
MPRegen 0.11/turn               (no ring)

@: no status effects
A: permanent stasis, dig shafts and tunnels, antennae 3, four strong arms
a: Dig, Shaft Self


You were on level 2 of the Dungeon.
You visited 1 branch of the dungeon, and saw 2 of its levels.

You collected 58 gold pieces.

Inventory:

Hand Weapons
 a - a +1 dagger of electrocution
 b - a +0 hunting sling (weapon)
Missiles
 e - 27 bolts
 f - 119 stones (quivered ammo)
Armour
 i - a +0 robe (worn)
Scrolls
 h - a scroll of noise {unknown}
Potions
 d - a potion of heal wounds {unknown}
 g - a potion of curing {unknown}


   Skills:
 * Level 1.6 Fighting
 * Level 1.6 Armour
 - Level 2.0 Dodging
 - Level 2.4 Stealth
 * Level 2.7 Spellcasting
 * Level 4.0 Conjurations


You had 5 spell levels left.
You knew the following spells:

 Your Spells              Type           Power      Damage    Failure   Level
a - Searing Ray           Conj           30%        2d5       5%          2
c - Magic Dart            Conj           60%        1d6       3%          1

Your spell library contained the following spells:

 Spells                   Type           Power      Damage    Failure   Level
 Dazzling Flash           Conj/Hex       18%        N/A       24%         3
 Fulminant Prism          Conj/Hex       4%         3d6       61%         4
 Iskenderun's Mystic Bla  Conj/Tloc      9%         2d4       61%         4


Dungeon Overview and Level Annotations

Branches:
Dungeon (2/15)

Altars:


Innate Abilities, Weirdness & Mutations

You cannot be hasted, slowed, berserked, paralysed or teleported.
You can dig through walls and to a lower floor.
You have a pair of large antennae on your head. (SInv)
Your four strong arms can wield two-handed weapons with a shield.


Message History

The gnoll hits you with a +0 whip.
The giant cockroach waves its antennae.
The gnoll hits you from afar with a +0 spear.
Your magical contamination has completely faded away.
What are your orders? t - Shout!
Orders for allies: a - Attack new target. p - Attack previous target. r - Retreat! s - Stop attacking. g - Guard the area. f - Follow me.
Anything else - Cancel.
You shout for attention!
The gnoll hits you with a +0 whip. The gnoll barely misses you.
What are your orders? t - Shout!
Orders for allies: a - Attack new target. p - Attack previous target. r - Retreat! s - Stop attacking. g - Guard the area. f - Follow me.
Anything else - Cancel.
You shout for attention!
The gnoll hits you with a +0 whip!
The gnoll hits you from afar with a +0 spear.
What are your orders? t - Shout!
Orders for allies: a - Attack new target. p - Attack previous target. r - Retreat! s - Stop attacking. g - Guard the area. f - Follow me.
Anything else - Cancel.
You shout for attention!
The gnoll barely misses you.
The gnoll hits you from afar with a +0 spear.
What are your orders? t - Shout!
Orders for allies: a - Attack new target. p - Attack previous target. r - Retreat! s - Stop attacking. g - Guard the area. f - Follow me.
Anything else - Cancel.
You shout for attention!
The gnoll hits you with a +0 whip!
You die...

#....###≈≈........# ##..
#....# #≈.........# .....
#....# #≈.†....†..# #...
#....###≈≈........# #...
#.......≈≈........#
###...###....##..≈≈.......#
....#........##..≈≈≈#######
.............##...≈##
#..#.<..##@###..###
#......##g# #...# ####
######.†.gB# #.#.#####... ##
#........rS# #.#...≈≈≈≈##
#.##.####.##..###.##..≈....#
##........###(....##..≈≈≈≈..
#.........###...#.#.....####.
#<......##.(#(............. {
#.....####''####.##...#..##


You could see 2 gnolls, a giant cockroach, a ball python and a rat.

Vanquished Creatures
  A gnoll (D:2)
  2 adders (D:2)
  2 dart slugs (D:1)
  2 ball pythons (D:1)
  A bat (D:1)
  2 endoplasms (D:1)
  4 giant cockroaches
  A goblin (D:1)
  2 hobgoblins
  A jackal (D:1)
  A kobold (D:2)
  7 rats
26 creatures vanquished.

Notes
Turn   | Place    | Note
-------+----------+-------------------------------------------
     0 | D:1      | DildoBatman the Formicid Conjurer began the quest for the
                  | Orb.
     0 | D:1      | Reached XP level 1. HP: 13/13 MP: 3/3
   107 | D:1      | Reached XP level 2. HP: 14/20 MP: 5/5
   123 | D:1      | Learned a level 2 spell: Searing Ray
   384 | D:1      | Reached skill level 1 in Fighting
   384 | D:1      | Reached skill level 1 in Armour
   384 | D:1      | Reached XP level 3. HP: 14/26 MP: 1/6
   790 | D:2      | Reached skill level 4 in Conjurations
   790 | D:2      | Reached XP level 4. HP: 31/32 MP: 1/8
   796 | D:2      | Mangled by a gnoll

Illustrated notes

Levels and vault maps discovered:
D:1:      dpeg_arrival_prison, layout_rooms, st_stairs_9
D:2:      kennysheep_big_flooded_room, layout_rooms, basic_altar, serial_rivers,
          chequers_serial_rivers_large_b, chequers_serial_rivers_small_a,
          chequers_serial_rivers_micro_d, chequers_serial_rivers_large_a,
          chequers_serial_rivers_marsh, chequers_serial_rivers_micro_e,
          uniq_crazy_yiuf_cottage, uniq_robin

Skill      XL: |  1  2  3 |
---------------+----------+-----
Dodging        | 2 |  2.0
Fighting       | 1 |  1.6
Armour         | 1 |  1.6
Conjurations   | 4 |  4.0
Stealth        | |  2.4
Spellcasting   | |  2.7

Action                   |  1- 3 |  4- 6 || total
-------------------------+-------+-------++-------
Melee: Unarmed           |    11 |       ||    11
       Mace              |    24 |       ||    24
       Punch             |     1 |       ||     1
 Fire: Hunting sling     |     8 |       ||     8
Throw: Stone             |    10 |       ||    10
 Cast: Magic Dart        |    46 |       ||    46
       Searing Ray       |     1 |       ||     1
 Stab: Sleeping          |     2 |       ||     2
Armor: Robe              |    11 |       ||    11
Dodge: Dodged            |    47 |     4 ||    51
